 Dungeon Crawl Stone Soup version 0.14-a0-40-g75911bd (webtiles) character file.

143 Malachi the Charmwright (level 3, 0/26 HPs)
             Began as a Vampire Skald on Sept 28, 2013.
             Slain by Terence
             ... wielding a +0,+0 mace
              (6 damage)
             ... on Level 2 of the Dungeon.
             The game lasted 00:01:44 (1367 turns).

Malachi the Charmwright (Vampire Skald)             Turns: 1367, Time: 00:01:44

HP   0/26        AC  4     Str 11      XL: 3   Next: 12%
MP   4/7         EV 10     Int 15      God:
Gold 110         SH  0     Dex 13      Spells:  1 memorised,  5 levels left

Res.Fire  : . . .   See Invis. : +   a - +0 falchion
Res.Cold  : . . .   Warding    : .   b - +0 leather armour
Life Prot.: . . .   Conserve   : .   (no shield)
Res.Poison: .       Res.Corr.  : .   (no helmet)
Res.Elec. : .       Clarity    : .   d - +0 elf cloak
Sust.Abil.: . .     Spirit.Shd : .   (no gloves)
Res.Mut.  : .       Stasis     : .   (no boots)
Res.Rott. : .       Flight     : .   (no amulet)
Saprovore : . . .                    (no ring)
                                     (no ring)

@: regenerating quickly, slightly resistant to hostile enchantments, unstealthy
A: fangs 3, see invisible, unbreathing
a: no special abilities


You were on level 2 of the Dungeon.
You were full.

You visited 1 branch of the dungeon, and saw 2 of its levels.

You collected 90 gold pieces.

Inventory:

Hand weapons
 a - a +0,+0 falchion (weapon)
Armour
 b - a +0 leather armour (worn)
 d - a +0 elven cloak (worn)
Scrolls
 e - 2 scrolls of magic mapping {unknown}
 f - a scroll of blinking {unknown}
 g - a scroll of enchant weapon II {unknown}
 j - a scroll of curse weapon {unknown}
 l - a scroll of remove curse {unknown}
 m - a scroll of recharging {unknown}
Jewellery
 i - a cursed -2,-2 ring of slaying {unknown}
Potions
 h - 2 potions of agility {unknown}
 k - 2 potions of might {unknown}
 n - a potion of degeneration {unknown}
Books
 c - a book of Battle

   Spells                             Type                      Level
   *Infusion                          Charms                       1
   Shroud of Golubria                 Charms/Translocation         2
   Song of Slaying                    Charms                       2
   Spectral Weapon                    Hexes/Charms                 3
   Regeneration                       Charms/Necromancy            3
   Song of Shielding                  Charms                       4


   Skills:
 + Level 1.9 Fighting
 * Level 2.5 Long Blades
 + Level 1.1 Armour
 + Level 1.5 Dodging
 + Level 2.1 Spellcasting
 + Level 3.7 Charms


You had 5 spell levels left.
You knew the following spells:

 Your Spells              Type           Power        Failure   Level  Hunger
a - Infusion              Chrm           ##....       6%          1    #......


Dungeon Overview and Level Annotations

Branches:
Dungeon (2/27)

Altars:

Annotations:
D:2 Terence


Innate Abilities, Weirdness & Mutations

Your natural rate of healing is unusually fast.
You have razor-sharp teeth.*
You have supernaturally acute eyesight.
You can survive without breathing.*


Message History

Terence is moderately wounded.
The goblin misses you. Terence hits you with a mace.
You barely miss Terence.
Terence is moderately wounded.
The goblin hits you.
* * * LOW HITPOINT WARNING * * *
Terence misses you.
You hit Terence but do no damage.
Terence is moderately wounded.
The goblin hits you.
* * * LOW HITPOINT WARNING * * *
Terence closely misses you.
You hit Terence.
Terence is moderately wounded.
The goblin hits you but does no damage. Terence closely misses you.
The goblin closely misses you.
You are feeling less magically infused.
You closely miss the goblin. The goblin closely misses you.
Terence hits you with a mace.
You die...

##(..#.# .....#.# .#
###..#.# .#. #....#.#
#####.#.# #....#.###
#......... .........#
#.........
#..###.#.########.........
#.. #.#.........@........#
#.# #.#........@g........#
#. #.#..................#
#. #.#..........###.#.##
#.#.########## # #.#.#
#.#.# #.... ..


You could see Terence and a goblin.

Vanquished Creatures
  An adder (D:2)
  A giant gecko (D:1)
  2 bats
  A giant cockroach (D:2)
  A hobgoblin (D:1)
  2 ball pythons
  5 goblins
  5 kobolds (D:1)
  3 rats
21 creatures vanquished.

Notes
Turn   | Place    | Note
--------------------------------------------------------------
     0 | D:1      | Malachi, the Vampire Skald, began the quest for the Orb.
     0 | D:1      | Reached XP level 1. HP: 15/15 MP: 4/4
   286 | D:1      | Reached skill level 1 in Armour
   522 | D:1      | Reached XP level 2. HP: 21/21 MP: 6/6
  1023 | D:2      | Reached XP level 3. HP: 26/26 MP: 3/7
  1353 | D:2      | Noticed Terence
  1367 | D:2      | Slain by Terence

Action                   || total
-------------------------++-------
Melee: Falchion          ||    75
 Cast: Infusion          ||     6
  Use: Potion            ||     1
